Map: [ESL] Dragon Scales

Players

Classic

  • Race: Protoss Protoss

Lambo - Winner!

  • Race: Zerg Zerg

Event: IEM Katowice 2023

VOD

Have the link to the VOD?

Description

Time

  • Played on: Feb. 10, 2023, 10:04 a.m.
  • Length: 16:04

All games in this series

Show
View Real Time Build Order
Export as new Build Order

Classic Protoss 

Build Orders: 1 Gate Expand, Oracle Opening 

Get SALT Encoding   

  12  0:00  Probe  
  13  0:14  Pylon  
  13  0:18  Probe (Chrono Boost)  
  15  0:29  Probe (Chrono Boost)  
  15  0:34  Probe (Chrono Boost)  
  16  0:43  Gateway  
  16  0:44  Probe  
  17  0:52  Assimilator  
  17  0:56  Probe  
  18  1:08  Probe  
  19  1:20  Probe  
  20  1:27  Nexus  
  20  1:32  Probe  
  21  1:39  Cybernetics Core  
  21  1:44  Probe  
  22  1:49  Assimilator  
  22  1:54  Pylon  
  22  1:58  Probe  
  23  2:12  Probe, Adept (Chrono Boost)  
  26  2:22  Stargate  
  26  2:25  Probe  
  27  2:30  Warp Gate  
  27  2:35  Adept  
  29  2:37  Probe (Chrono Boost)  
  29  2:39  Probe (Chrono Boost)  
  31  2:48  Probe x2 (Chrono Boost)  
  33  2:52  Probe (Chrono Boost)  
  33  2:53  Probe (Chrono Boost)  
  35  3:04  Oracle (Chrono Boost)  
  35  3:06  Pylon, Probe x2  
  40  3:17  Adept  
  40  3:19  Probe  
  43  3:20  Probe  
  43  3:23  Gateway  
  44  3:31  Probe  
  44  3:32  Probe, Oracle (Chrono Boost)  
  49  3:42  Pylon  
  49  3:43  Probe  
  49  3:44  Probe  
  51  3:53  Nexus  
  51  3:58  Probe x2  
  53  4:04  Pylon  
  53  4:11  Assimilator, Probe x2, Oracle (Chrono Boost)  
  53  4:14  Assimilator  
  58  4:20  Adept x2  
  62  4:29  Probe x2  
  64  4:40  Twilight Council  
  64  4:41  Probe x2  
  64  4:42  Forge  
  66  4:48  Gateway  
  66  4:49  Gateway  
  66  4:54  Probe  
  66  4:55  Probe  
  68  5:02  Stalker  
  68  5:05  Gateway x2  
  70  5:08  Stalker  
  70  5:11  Probe (Chrono Boost)  
  70  5:12  Probe x2 (Chrono Boost)  
  75  5:17  Protoss Ground Weapons Level 1 (Chrono Boost)  
  75  5:21  Blink  
  75  5:24  Probe (Chrono Boost)  
  75  5:25  Probe x2 (Chrono Boost)  
  78  5:29  Robotics Facility  
  78  5:34  Probe x3  
  78  5:44  Pylon  
  78  5:46  Assimilator, Probe x3  
  78  5:49  Shield Battery  
  81  5:56  Pylon  
  81  6:01  Probe x3  
  81  6:02  Assimilator  
  84  6:12  Gateway  
  84  6:14  Gateway, Stalker x4  
  92  6:24  Robotics Facility  
  92  6:28  Robotics Bay  
  92  6:32  Observer  
  93  6:33  Stalker x2  
  93  6:35  Pylon  
  93  6:37  Pylon  
  93  6:38  Probe x3  
  93  6:39  Pylon  
  100  6:40  Pylon  
  100  6:54  Pylon  
  100  6:58  Stalker x6  
  112  7:11  Colossus x2 (Chrono Boost)  
  112  7:14  Protoss Ground Weapons Level 2 (Chrono Boost)  
  124  7:25  Pylon, Extended Thermal Lance  
  124  7:35  Stalker  
  124  7:36  Stalker  
  128  7:39  Pylon  
  127  7:51  Nexus  
  127  7:53  Pylon  
  127  7:57  Colossus x2 (Chrono Boost)  
  139  8:12  Photon Cannon  
  139  8:13  Stalker  
  139  8:14  Stalker x5  
  151  8:22  Stalker x2  
  151  8:25  Pylon  
  143  8:51  Stalker  
  143  8:52  Stalker x7  
  120  9:22  Stalker x3  
  120  9:23  Stalker x4  
  110  9:51  Stalker x2  
  96  10:07  Cybernetics Core  
  96  10:09  Stalker  
  96  10:10  Stalker  
  100  10:16  Probe x3  
  101  10:32  Probe x3  
  101  10:34  Shield Battery  
  104  10:40  Pylon  
  104  10:43  Pylon  
  104  10:44  Probe x4  
  104  10:48  Stalker x2  
  112  10:52  Shield Battery  
  109  10:59  Probe  
  109  11:00  Probe x2  
  109  11:05  Stalker  
  109  11:06  Stalker x3  
  117  11:15  Probe x3 (Chrono Boost)  
  117  11:16  Probe (Chrono Boost)  
  124  11:26  Probe x2 (Chrono Boost)  
  124  11:27  Probe x2 (Chrono Boost)  
  124  11:31  Pylon, Probe x3 (Chrono Boost)  
  124  11:32  Probe (Chrono Boost)  
  125  11:34  Protoss Ground Weapons Level 3  
  129  11:41  Probe x2 (Chrono Boost)  
  129  11:42  Probe (Chrono Boost)  
  129  11:43  Probe (Chrono Boost)  
  133  11:47  Disruptor (Chrono Boost)  
  133  11:52  Probe (Chrono Boost)  
  133  11:53  Probe x3 (Chrono Boost)  
  140  12:00  Disruptor (Chrono Boost)  
  142  12:02  Probe x3  
  142  12:03  Probe  
  140  12:22  Stalker x5  
  101  12:37  Probe x2  
  101  12:38  Probe  
  99  12:49  Stalker x4  
  106  12:59  Probe x3  
  109  13:08  Disruptor x2 (Chrono Boost)  
  109  13:11  Probe  
  116  13:14  Pylon  
  116  13:15  Probe x2  
  118  13:23  Probe  
  119  13:34  Probe, Disruptor x2 (Chrono Boost)  
  119  13:40  Photon Cannon  
  126  13:42  Photon Cannon  
  126  13:47  Nexus  
  126  13:48  Pylon  
  120  14:02  Disruptor (Chrono Boost)  
  120  14:03  Disruptor (Chrono Boost)  
  126  14:14  Stalker x3  
  132  14:19  Stalker x4  
  128  14:41  Stalker x4  
  108  14:53  Stalker x3  
  108  14:54  Disruptor  
  117  15:04  Disruptor (Chrono Boost)  
  117  15:11  Stalker x3  
  114  15:21  Stalker x3  
  103  15:33  Disruptor (Chrono Boost)  
Show
View Real Time Build Order
Export as new Build Order

Lambo Zerg - Winner!

Build Orders: Hatch First 

Get SALT Encoding   

  12  0:00  Drone  
  13  0:12  Overlord  
  13  0:17  Drone  
  14  0:31  Drone x2  
  16  0:44  Drone  
  17  0:51  Hatchery  
  17  0:55  Drone  
  17  0:58  Drone  
  18  1:09  Extractor  
  17  1:12  Spawning Pool  
  17  1:15  Drone  
  17  1:18  Drone  
  18  1:28  Drone  
  19  1:39  Drone  
  20  1:51  Overlord  
  20  1:59  Queen  
  22  2:03  Queen  
  22  2:04  Zergling x2  
  22  2:05  Drone  
  26  2:12  Zergling x2  
  26  2:13  Metabolic Boost, Drone  
  28  2:22  Drone  
  29  2:24  Drone  
  30  2:32  Drone  
  31  2:37  Hatchery  
  31  2:41  Drone  
  31  2:44  Overlord  
  31  2:46  Drone  
  32  2:53  Queen  
  32  2:57  Drone  
  32  2:58  Drone  
  36  3:11  Spore Crawler  
  35  3:14  Drone x6  
  35  3:19  Overlord  
  41  3:20  Overlord  
  41  3:25  Queen  
  43  3:36  Roach Warren  
  43  3:38  Queen  
  43  3:40  Drone  
  43  3:41  Drone  
  46  3:44  Drone x2  
  46  3:48  Zergling x4  
  49  3:53  Zergling x2  
  51  3:56  Spore Crawler  
  51  3:58  Queen  
  53  4:02  Drone  
  53  4:04  Spore Crawler  
  53  4:05  Drone  
  53  4:06  Drone  
  53  4:08  Zergling x2  
  55  4:10  Overlord  
  55  4:12  Drone  
  55  4:14  Drone  
  55  4:16  Drone  
  58  4:19  Drone  
  58  4:23  Queen  
  61  4:31  Spore Crawler  
  60  4:32  Drone x4  
  65  4:38  Drone  
  65  4:39  Overlord, Drone x3  
  65  4:42  Drone x2  
  71  4:47  Lair  
  71  4:51  Zergling x2  
  71  4:52  Drone  
  73  4:54  Overlord  
  73  4:55  Overlord  
  73  4:58  Drone x3  
  73  4:59  Extractor  
  75  5:00  Extractor  
  75  5:05  Drone x3  
  77  5:10  Drone x3  
  77  5:11  Extractor  
  77  5:13  Spore Crawler, Evolution Chamber  
  77  5:14  Drone  
  77  5:15  Drone  
  77  5:19  Drone x6  
  85  5:24  Drone x2  
  85  5:27  Extractor  
  86  5:28  Extractor  
  86  5:29  Drone x2  
  87  5:39  Drone x5  
  87  5:40  Zerg Missile Weapons Level 1  
  87  5:45  Roach  
  89  5:51  Overlord x2  
  89  5:57  Overlord  
  89  5:58  Overlord  
  89  6:02  Overlord  
  89  6:05  Overlord  
  89  6:07  Overlord  
  89  6:09  Hatchery  
  96  6:11  Roach x4  
  96  6:17  Drone  
  97  6:21  Drone x2  
  97  6:22  Spire  
  97  6:24  Drone  
  98  6:26  Roach  
  98  6:27  Baneling Nest, Roach  
  98  6:29  Glial Reconstitution  
  98  6:32  Ravager x2  
  102  6:33  Roach x2  
  107  6:43  Roach x6  
  107  6:45  Drone x2  
  107  6:46  Drone  
  122  6:50  Drone  
  122  6:51  Drone  
  124  6:54  Roach x4  
  124  6:58  Drone  
  133  7:06  Roach x5  
  142  7:10  Centrifugal Hooks  
  142  7:13  Ravager x2  
  144  7:17  Zergling x4  
  144  7:22  Overlord  
  145  7:24  Drone x5  
  145  7:26  Spore Crawler  
  145  7:27  Drone  
  145  7:28  Extractor, Drone  
  150  7:32  Zergling x2  
  150  7:33  Overlord x2  
  150  7:34  Overlord  
  151  7:37  Overlord  
  151  7:40  Overlord  
  151  7:48  Mutalisk x4  
  159  7:53  Mutalisk x4  
  159  7:56  Zergling x2  
  159  7:57  Zergling x14  
  173  8:05  Drone x6  
  179  8:09  Zerg Melee Weapons Level 1  
  178  8:18  Hatchery  
  178  8:19  Zergling x16  
  185  8:21  Baneling x6  
  185  8:29  Zergling x18  
  194  8:34  Overlord  
  194  8:39  Zergling x6  
  188  8:42  Roach x2  
  188  8:43  Roach x3  
  183  8:49  Roach x2  
  183  8:51  Roach  
  183  8:54  Roach x2  
  183  8:55  Baneling x14  
  188  8:58  Roach x4  
  191  9:04  Roach x3  
  191  9:06  Roach x2  
  187  9:10  Roach x3  
  187  9:15  Roach x2  
  186  9:19  Roach  
  186  9:21  Roach x2  
  178  9:26  Queen x2  
  178  9:28  Roach x4  
  178  9:30  Zergling x2  
  178  9:31  Ravager  
  188  9:32  Ravager  
  188  9:34  Zergling x4  
  188  9:37  Zergling x2  
  186  9:39  Queen  
  186  9:41  Roach  
  186  9:44  Roach x2  
  185  9:47  Roach  
  185  9:49  Roach x3  
  185  9:51  Roach  
  158  9:54  Roach  
  158  9:56  Roach x2  
  158  9:59  Ravager  
  157  10:00  Ravager  
  157  10:01  Baneling x5, Queen, Ravager  
  157  10:02  Queen  
  157  10:04  Roach  
  157  10:06  Zergling x2  
  162  10:08  Overlord  
  162  10:12  Overlord  
  160  10:14  Overlord  
  160  10:16  Baneling x3  
  160  10:20  Overlord  
  160  10:21  Overlord x2  
  160  10:26  Overlord  
  160  10:27  Overlord  
  158  10:32  Queen  
  158  10:34  Overlord, Zergling x4  
  162  10:35  Ravager  
  162  10:36  Ravager  
  162  10:40  Ravager  
  165  10:43  Zergling x14  
  165  10:49  Zergling x12  
  178  10:50  Ravager x3  
  178  10:51  Hatchery  
  178  10:56  Zergling x6  
  181  10:58  Zerg Flyer Weapons Level 1  
  181  11:03  Zergling x4  
  183  11:09  Zergling x8  
  183  11:11  Baneling x21  
  185  11:21  Zergling x8  
  185  11:23  Baneling  
  185  11:24  Baneling x6  
  185  11:25  Hatchery  
  188  11:29  Zerg Melee Weapons Level 2  
  188  11:32  Infestation Pit  
  187  11:37  Zergling x14  
  194  11:42  Baneling x11  
  194  11:43  Baneling  
  194  11:45  Zergling x4  
  196  11:50  Baneling x3  
  196  11:51  Baneling x6  
  196  11:59  Zergling x10  
  198  12:12  Zergling x4  
  198  12:15  Zergling x18  
  199  12:18  Zergling x6  
  199  12:19  Zergling x14  
  189  12:24  Roach x3  
  189  12:28  Roach x4  
  198  12:33  Roach x2  
  193  12:38  Roach x3  
  193  12:43  Hive  
  197  12:48  Mutalisk x2  
  199  12:54  Extractor  
  199  12:56  Zergling x2  
  199  13:01  Overlord  
  199  13:07  Baneling x24  
  199  13:27  Spine Crawler  
  199  13:32  Baneling x8  
  198  13:36  Extractor, Evolution Chamber  
  198  13:40  Zergling x6  
  199  13:41  Baneling  
  199  13:42  Baneling x5  
  199  13:45  Overlord, Zerg Missile Weapons Level 2  
  199  14:01  Zergling x10  
  200  14:05  Zergling x10  
  199  14:23  Zergling x4  
  199  14:28  Zergling x22  
  194  14:33  Zergling x18  
  181  14:38  Roach x5  
  181  14:39  Roach x4, Zergling x2  
  181  14:41  Zergling x8  
  190  14:47  Roach x6  
  190  14:50  Zergling x28  
  187  14:54  Viper x2  
  187  14:56  Roach  
  187  14:58  Roach  
  190  15:01  Roach x2  
  200  15:07  Roach x8  
  200  15:10  Baneling x12  
  199  15:15  Overlord  
  188  15:21  Zergling x10  
  188  15:22  Zergling x12  
  195  15:31  Zergling x12  
  196  15:38  Zergling x8  
  196  15:39  Baneling x10  
  196  15:40  Baneling  
  200  15:49  Baneling x19  

Tags
 
Add a new tag
Caveats
  • Supply blocks, unpowered buildings, or Contaminate may cause inaccurate times.
  • Supply counts are checked every 10 seconds.